 Dungeon Crawl Stone Soup version 0.31.0-32-g396128a36d (webtiles) character file.

Game seed: 8341544817694554292

58 PaiMei the Grave Robber (level 3, -1/24 HPs)
             Began as a Demonspawn Necromancer on Apr 3, 2024.
             Incinerated by a bombardier beetle (6 damage)
             ... with a burning spray
             ... on level 3 of the Dungeon.
             The game lasted 00:02:12 (2342 turns).

PaiMei the Grave Robber (Demonspawn Necromancer)    Turns: 2342, Time: 00:02:12

Health: -1/24      AC:  7    Str:  8    XL:     3   Next: 75%
Magic:  0/6        EV: 12    Int: 17    God:
Gold:   103        SH:  0    Dex: 13    Spells: 3/7 levels left

rFire   . . .        d - +0 short sword
rCold   . . .        (no shield)
rNeg    . . .        a - +0 robe
rPois   .            (no helmet)
rElec   .            (no cloak)
rCorr   .            (no gloves)
SInv    .            r - +2 pair of boots
Will    .....        (no amulet)
Stlth   +            (no ring)
HPRegen 0.24/turn    (no ring)
MPRegen 0.10/turn

%: no passive effects
@: on fire, very slightly contaminated, glowing
A: slimy green scales 1, spiny 1
a: no special abilities


You were on level 3 of the Dungeon.
You visited 1 branch of the dungeon, and saw 3 of its levels.

You collected 103 gold pieces.

Inventory:

Hand Weapons
 d - a +0 short sword (weapon)
Armour
 a - a +0 robe (worn)
 p - a +0 pair of boots
 r - a +2 pair of boots (worn)
Jewellery
 h - a ring of wizardry
 o - an amulet of faith
Scrolls
 g - 2 scrolls of amnesia {unknown}
 k - 2 scrolls of identify {unknown}
 l - a scroll of poison {unknown}
 n - a scroll of teleportation {unknown}
Potions
 b - a potion of magic
 c - a potion of haste {unknown}
 e - 3 potions of ambrosia {unknown}
 f - 3 potions of lignification {unknown}
 i - 2 potions of curing {unknown}
 j - a potion of berserk rage {unknown}
 m - a potion of invisibility {unknown}
 q - a potion of mutation {unknown}
 s - a potion of cancellation {unknown}
 t - a potion of attraction {unknown}


   Skills:
 + Level 2.4 Dodging
 + Level 2.5 Stealth
 + Level 2.5 Spellcasting
 + Level 4.8 Necromancy


You had 3 spell levels left.
You knew the following spells:

 Your Spells              Type           Power      Damage    Failure   Level
a - Necrotise             Necr           72%        1d7       2%          1
b - Vampiric Draining     Necr           18%        2d7       8%          3

Your spell library contained the following spells:

 Spells                   Type           Power      Damage    Failure   Level
 Cigotuvi's Dreadful Rot  Necr/Alch/Air  14%        N/A       14%         2
 Lesser Beckoning         Tloc           4%         N/A       28%         2
 Gell's Gravitas          Tloc           2%         N/A       50%         3
 Teleport Other           Tloc           2%         N/A       50%         3
 Animate Dead             Necr           18%        N/A       26%         4
 Dispel Undead            Necr           18%        3d11      26%         4
 Martyr's Knell           Necr/Summ      10%        N/A       56%         4
 Curse of Agony           Necr           18%        N/A       56%         5
 Death Channel            Necr           9%         N/A       98%         6


Dungeon Overview and Level Annotations

Branches:
Dungeon (3/15)

Altars:
Ashenzari


Innate Abilities, Weirdness & Mutations

You are partially covered in slimy green scales. (AC +2)
You are partially covered in sharp spines.


Message History

Press: ? - help, Shift-Dir - straight line, f/p - bombardier beetle
Aim: a bombardier beetle (moderately wounded, chance to affect: 76%)
You miscast Necrotise.
You are very lightly contaminated with residual magic.
Nothing appears to happen.
The liquid fire burns you!
Casting: Necrotise (safe; 2% risk of failure)
Confirm with . or Enter, or press ? or * to list all spells.
Aiming: Necrotise (safe; 2% risk of failure)
Press: ? - help, Shift-Dir - straight line, f/p - bombardier beetle
Aim: a bombardier beetle (moderately wounded, chance to affect: 76%)
The bombardier beetle writhes in agony.
The liquid fire burns you!
The bombardier beetle closely misses you.
Casting: Necrotise (safe; 2% risk of failure)
Confirm with . or Enter, or press ? or * to list all spells.
Aiming: Necrotise (safe; 2% risk of failure)
Press: ? - help, Shift-Dir - straight line, f/p - bombardier beetle
Aim: a bombardier beetle (heavily wounded, chance to affect: 76%)
The bombardier beetle writhes in agony.
The liquid fire burns you!
Casting: Necrotise (safe; 2% risk of failure)
Confirm with . or Enter, or press ? or * to list all spells.
Aiming: Necrotise (safe; 2% risk of failure)
Press: ? - help, Shift-Dir - straight line, f/p - bombardier beetle
Aim: a bombardier beetle (heavily wounded, chance to affect: 76%)
The bombardier beetle writhes in agony.
The liquid fire burns you!
The bombardier beetle barely misses you.
Casting: Necrotise (safe; 2% risk of failure)
Confirm with . or Enter, or press ? or * to list all spells.
You don't have enough magic to cast this spell.
You completely miss the bombardier beetle.
The bombardier beetle is severely wounded.
The liquid fire burns you!
* * * LOW HITPOINT WARNING * * *
You closely miss the bombardier beetle.
The bombardier beetle is severely wounded.
The liquid fire burns you!
You die...

##..###..##.# #..≈≈~
####...# #...#..#
#(..≈~ #....###
###.##.#.###..). #....#
#......# ##... #..###
###....# ###. ##.#[..
..$ ....# #.
#.###.###.# #....# ##
#...#...B.#. ....# #
##.)###@###. ..### #
##...#.#.. #### #
##..#.#.# ##.########
###......# #..........
#..<#...######.########
#.#####....# #.#
#...#...##.# #.#
###.#.####.###.# #...#
#...).#


You could see a bombardier beetle.

Vanquished Creatures
  2 adders (D:2)
  A dart slug (D:3)
  2 orcs (D:3)
  4 bats
  4 endoplasms
  3 hobgoblins
  3 quokkas
  A ball python (D:1)
  4 frilled lizards
  5 goblins
  3 kobolds
  3 rats (D:1)
35 creatures vanquished.

Vanquished Creatures (collateral kills)
  A kobold (D:1)
1 creature vanquished.

Grand Total: 36 creatures vanquished

Notes
Turn   | Place    | Note
-------+----------+-------------------------------------------
     0 | D:1      | PaiMei the Demonspawn Necromancer began the quest for the
                  | Orb.
     0 | D:1      | Reached XP level 1. HP: 13/13 MP: 3/3
   229 | D:1      | Gained mutation: You are partially covered in sharp spines.
                  | [demonic ancestry]
   229 | D:1      | Reached XP level 2. HP: 19/19 MP: 0/5
   896 | D:1      | Found a faded altar of an unknown god.
  1254 | D:2      | Gained mutation: You are partially covered in slimy green
                  | scales. (AC +2) [demonic ancestry]
  1254 | D:2      | Reached XP level 3. HP: 21/24 MP: 0/6
  1258 | D:2      | Learned a level 3 spell: Vampiric Draining
  1706 | D:2      | Found a broken altar of Ashenzari.
  2342 | D:3      | Incinerated by a bombardier beetle

Illustrated notes

Levels and vault maps discovered:
D:1:      minmay_arrival_four_circles, layout_basic,
          dreamdust_ecumenical_altar_angels_and_demons
D:2:      layout_loops_ring, basic_altar, minmay_misc_feat_cross
D:3:      layout_loops_cross, elyvilon_altar_3, minmay_quantized

Skill      XL: |  1 |
---------------+----+-----
Stealth        | 2 |  2.5
Dodging        | 2 |  2.4
Spellcasting   | |  2.5
Necromancy     | |  4.8

Action                     || total
---------------------------++-------
  Melee: Short sword       ||     6
         Punch             ||     1
   Cast: Necrotise         ||    71
 Armour: Robe              ||    10
  Dodge: Dodged            ||     4
